 Dungeon Crawl Stone Soup version 0.16-a0-1109-gda7d4ef (webtiles) character file.

180 JacquesDerrida the Cudgeler (level 5, 0/41 HPs)
             Began as a Demigod Skald on Oct 6, 2014.
             Slain by an ogre
             ... wielding a +0 giant club
              (21 damage)
             ... on level 4 of the Dungeon.
             The game lasted 00:06:37 (2056 turns).

JacquesDerrida the Cudgeler (Demigod Skald)         Turns: 2056, Time: 00:06:37

Health: 0/41       AC:  5    Str: 15    XL:     5   Next: 11%
Magic:  3/10       EV: 11    Int: 17    God:
Gold:   78         SH:  0    Dex: 17    Spells: 2 memorised, 3 levels left

rFire  . . .     SeeInvis +     h - +1 flail (holy)
rCold  . . .     Clarity  .     b - +0 leather armour
rNeg   . . .     SustAb   .     (no shield)
rPois  .         Gourm    .     (no helmet)
rElec  .         Spirit   .     q - +1 cloak
rCorr  .         Warding  .     (no gloves)
rMut   .         Stasis   .     (no boots)
MR     .....                    (no amulet)
Stlth  +.........               (no ring)
                                o - ring of see invisible

@: not resistant to hostile enchantments, very unstealthy
A: no striking features
a: no special abilities


You were on level 4 of the Dungeon.
You were not hungry.

You visited 1 branch of the dungeon, and saw 4 of its levels.

You collected 78 gold pieces.

Inventory:

Hand weapons
 a - a +0 mace
 h - a +1 flail of holy wrath (weapon)
Missiles
 s - 8 javelins (quivered)
Armour
 b - a +0 leather armour (worn)
 n - a +1 cloak
 q - a +1 cloak (worn)
Comestibles
 d - 2 bread rations
 r - a chunk of orc flesh
Scrolls
 e - a scroll of enchant weapon {unknown}
 f - 4 scrolls of remove curse {unknown}
 g - a scroll of random uselessness {unknown}
 i - a scroll of magic mapping {unknown}
 j - a scroll of noise {unknown}
 m - a scroll of enchant armour {unknown}
 p - 2 scrolls of teleportation {unknown}
 u - a scroll of identify {unknown}
Jewellery
 o - a ring of see invisible (left hand)
Potions
 k - a potion of restore abilities
 l - a potion of degeneration {unknown}
 t - 2 potions of resistance
Books
 c - a book of Battle

   Spells                             Type                      Level
   *Infusion                          Charms                       1
   Shroud of Golubria                 Charms/Translocation         2
   Song of Slaying                    Charms                       2
   *Spectral Weapon                   Hexes/Charms                 3
   Regeneration                       Charms/Necromancy            3


   Skills:
 - Level 1.7 Fighting
 + Level 5.1 Maces & Flails
 - Level 0.8 Armour
 - Level 0.8 Dodging
 - Level 1.7 Spellcasting
 - Level 2.6 Charms


You had 3 spell levels left.
You knew the following spells:

 Your Spells              Type           Power        Failure   Level  Hunger
a - Infusion              Chrm           ##....       10%         1    #......
b - Spectral Weapon       Hex/Chrm       #.......     38%         3    ####...


Dungeon Overview and Level Annotations

Branches:
Dungeon (4/15)
 Temple: D:4-7


Message History

Found a stone staircase leading up.
There is a stone staircase leading down here.
You climb downwards.
An ogre comes into view. It is wielding a giant club.
The ogre shouts!
You hear a shout!
Found 13 bolts and a plate armour.
There is a stone staircase leading up here.
Casting: Infusion
Confirm with . or Enter, or press ? or * to list all spells.
You draw out your weapon's spirit!
The ogre misses your spectral weapon.
Found 4 needles of frenzy.
You sock the ogre!
The ogre is moderately wounded.
Your spectral weapon hits the ogre!
The ogre completely misses you.
Unknown command.
You hit the ogre.
The ogre is severely wounded.
Your spectral weapon hits the ogre.
The ogre hits you with a giant club!!
Ouch! That really hurt!
You die...

.. ##. ####..
.#####....
.........
.......KO#######.
#@(......[.
#<.#####.. #...(#
....##.... #(#S##
####.# ... ..# .


You could see an ogre, an adder, a kobold and a friendly spectral flail of holy
wrath.

Vanquished Creatures
  An orc wizard (D:3)
  3 gnolls
  A giant mite (D:3)
  5 adders (D:2)
  A worm (D:2)
  A giant gecko (D:2)
  2 orcs (D:3)
  2 ball pythons
  9 hobgoblins
  6 kobolds (D:1)
  10 bats
  5 giant newts
  8 goblins
  4 jackals (D:1)
  A kobold skeleton (D:3)
  8 rats
67 creatures vanquished.

Notes
Turn   | Place    | Note
--------------------------------------------------------------
     0 | D:1      | JacquesDerrida, the Demigod Skald, began the quest for the Orb.
     0 | D:1      | Reached XP level 1. HP: 17/17 MP: 3/3
   126 | D:1      | Reached XP level 2. HP: 14/24 MP: 0/4
   247 | D:1      | Reached skill level 3 in Maces & Flails
   577 | D:2      | Reached XP level 3. HP: 18/29 MP: 3/7
   745 | D:2      | HP: 1/29 [giant gecko (1)]
   810 | D:2      | Learned a level 3 spell: Spectral Weapon
   861 | D:2      | Reached skill level 4 in Maces & Flails
   922 | D:2      | Reached XP level 4. HP: 8/36 MP: 5/9
  1552 | D:2      | HP: 1/36 [gnoll/runed flail (2)]
  1990 | D:3      | Reached skill level 5 in Maces & Flails
  2004 | D:3      | Reached XP level 5. HP: 34/41 MP: 5/10
  2051 | D:4      | Noticed an ogre
  2056 | D:4      | Slain by an ogre

Action                   |  1- 3 |  4- 6 || total
-------------------------+-------+-------++-------
Melee: Mace              |   118 |    57 ||   175
       Flail             |       |    32 ||    32
 Cast: Infusion          |    13 |     6 ||    19
       Spectral Weapon   |       |     2 ||     2
  Use: Potion            |     3 |     3 ||     6
 Stab: Sleeping          |     1 |       ||     1
  Eat: Chunk             |       |     3 ||     3
       Meat ration       |       |     1 ||     1
